Map: Moondance

Players

Electrician

  • Race: Terran Terran
  • League: Master
  • Spawn Location: 6:00

VOD

Have the link to the VOD?

Description

Time

  • Played on: July 23, 2022, 5:33 p.m.
  • Length: 5:34
Show
View Real Time Build Order
Export as new Build Order

Electrician Terran 

Build Orders:  

Get SALT Encoding   

  12  0:00  SCV  
  13  0:17  SCV  
  14  0:26  Supply Depot  
  14  0:34  SCV  
  15  0:56  SCV  
  15  0:58  Barracks  
  16  1:04  Refinery  
  16  1:13  SCV  
  16  1:18  Refinery  
  17  1:30  SCV  
  18  1:47  SCV  
  19  2:04  SCV  
  21  2:10  Reaper  
  21  2:20  Supply Depot  
  21  2:21  Orbital Command  
  21  2:30  Factory  
  21  2:57  Barracks Reactor, SCV  
  22  3:24  Command Center  
  22  3:33  Widow Mine  
  22  3:37  SCV  
  25  3:54  SCV  
  26  4:02  Starport  
  26  4:04  Marine  
  27  4:10  Marine  
  27  4:11  SCV  
  29  4:23  Supply Depot  
  29  4:28  SCV  
  30  4:40  Marine  
  30  4:43  Widow Mine  
  31  4:53  Marine  
  31  4:55  SCV  
  37  5:11  Barracks  
  37  5:19  Barracks  
Tags
 
League
Master
Matchup
Co-op
Add a new tag
Caveats
  • Supply blocks, unpowered buildings, or Contaminate may cause inaccurate times.
  • Supply counts are checked every 10 seconds.